 Dungeon Crawl Stone Soup version 0.25-a0-316-gd28d56f9c5 (webtiles) character file.

Game seed: 10648339356924252985, levelgen mode: classic

91 Borgoz the Cudgeler (level 4, -6/40 HPs)
             Began as a Gargoyle Gladiator on Dec 24, 2019.
             Killed by divine providence
             ... invoked by an orc priest
              (11 damage)
             ... on level 3 of the Dungeon.
             The game lasted 00:02:04 (1743 turns).

Borgoz the Cudgeler (Gargoyle Gladiator)            Turns: 1743, Time: 00:02:04

Health: -6/40      AC: 22    Str: 23    XL:     4   Next: 59%
Magic:  4/4        EV:  2    Int:  8    God:
Gold:   199        SH:  0    Dex: 12    Spells: 3/3 levels left

rFire    . . .     SeeInvis .   a - +0 flail
rCold    . . .     Gourm    .   (no shield)
rNeg     + + +     Faith    .   (armour currently unavailable)
rPois    ∞         Spirit   .   (helmet currently unavailable)
rElec    .         Reflect  .   (cloak currently unavailable)
rCorr    .         Harm     .   (gloves currently unavailable)
MR       .....     NoTele   +   (boots currently unavailable)
Stlth    +.........             (no amulet)
HPRegen  0.13/turn              (no ring)
MPRegen  0.09/turn              (no ring)

@: mighty, tree-form
A: negative energy resistance 1, petrification resistance, rot immunity, AC +3
a: no special abilities


You were on level 3 of the Dungeon.
You were not hungry.
You were a tree.
You visited 1 branch of the dungeon, and saw 3 of its levels.

You collected 199 gold pieces.

Inventory:

Hand Weapons
 a - a +0 flail (weapon)
Missiles
 d - 3 throwing nets (quivered)
Armour
 c - a +0 helmet (melded)
 m - a +0 ring mail (melded)
 n - a +0 pair of gloves (melded)
Scrolls
 e - a scroll of enchant armour {unknown}
 l - a scroll of noise {unknown}
 q - a scroll of identify {unknown}
 r - a scroll of teleportation {unknown}
Potions
 h - a potion of flight {unknown}
 i - a potion of lignification
 j - a potion of cancellation {unknown}
 k - a potion of heal wounds {unknown}
 o - a potion of mutation {unknown}
 p - a potion of brilliance {unknown}
Comestibles
 b - 10 chunks of flesh
 f - 6 rations


   Skills:
 + Level 2.9 Fighting
 * Level 3.7 Maces & Flails
 - Level 1.7 Throwing
 + Level 1.6 Armour
 * Level 3.1 Dodging


You had 3 spell levels left.
You didn't know any spells.
Your spell library was empty.

Dungeon Overview and Level Annotations

Branches:
Dungeon (3/15)

Altars:
Hepliaklqana
Trog
Vehumet


Innate Abilities, Weirdness & Mutations

You are resistant to torment.
((Your stone body is resilient. (AC +3)))
You are immune to poison.
You resist negative energy. (rN+)
((You are resistant to electric shocks. (rElec)))
((You can survive without breathing.))
You are immune to petrification.
You are immune to rotting.


Message History

Beogh smites you!
Ouch! That really hurt!
* * * LOW HITPOINT WARNING * * *
The orc wizard barely misses you.
It was a potion of lignification.
You turn into a tree.
Your +0 helmet melds into your body.
Your +0 pair of gloves melds into your body.
Your +0 ring mail melds into your body.
Your roots penetrate the ground.
The orc priest zaps a wand.
The burst of metal fragments hits the orc wizard.
The burst of metal fragments hits the orc wizard!
The burst of metal fragments hits you but does no damage.
The burst of metal fragments hits the orc wizard.
The orc wizard dies!
The burst of metal fragments hits you but does no damage. x4
It was a potion of might.
You feel very mighty all of a sudden.
The orc priest calls down the wrath of Beogh upon you.
Beogh smites you!
You die...

#. ####### ##.###..###
#.# #...>...>.. #.?#
#.#.###.### #..#
##.#.....#### #..##
###..####.....##
#..####...............
####.......######......#
###....########..
..######
#.........♣oo....# ###
##################


You could see an orc priest and an orc.

Vanquished Creatures
  2 adders (D:2)
  An ooze (D:3)
  A worm (D:2)
  A dart slug (D:2)
  A leopard gecko (D:1)
  8 orcs (D:3)
  A ball python (D:1)
  4 bats
  A giant cockroach (D:1)
  8 goblins
  7 hobgoblins
  5 kobolds
  5 frilled lizards
  6 rats
51 creatures vanquished.

Vanquished Creatures (others)
  An orc wizard (D:3)
1 creature vanquished.

Grand Total: 52 creatures vanquished

Notes
Turn   | Place    | Note
-------+----------+-------------------------------------------
     0 | D:1      | Borgoz the Gargoyle Gladiator began the quest for the Orb.
     0 | D:1      | Reached XP level 1. HP: 12/12 MP: 1/1
    90 | D:1      | Reached XP level 2. HP: 17/17 MP: 2/2
   378 | D:1      | Reached skill level 1 in Armour
   382 | D:1      | Reached XP level 3. HP: 18/22 MP: 3/3
   603 | D:2      | Found a radiant altar of Vehumet.
   605 | D:2      | Found a bloodstained altar of Trog.
   607 | D:2      | Found a hazy altar of Hepliaklqana.
  1329 | D:2      | Reached XP level 4. HP: 27/27 MP: 4/4
  1743 | D:3      | Killed from afar by an orc priest

Levels and vault maps discovered:
D:1:      dpeg_arrival_rhombus, layout_loops_ring
D:2:      layout_basic, grunt_temple_overflow_open, first_ration
D:3:      layout_rooms

Skill      XL: |  1  2  3 |
---------------+----------+-----
Armour         | 1 |  1.6
Dodging        | 3 |  3.1
Fighting       | |  2.9
Maces & Flails | |  3.7
Throwing       | |  1.7

Action                   |  1- 3 |  4- 6 || total
-------------------------+-------+-------++-------
Melee: Flail             |    92 |    58 ||   150
  Use: Potion            |       |     2 ||     2
  Eat: Chunk             |     1 |     2 ||     3
Armor: Leather armour    |    34 |       ||    34
       Ring mail         |       |    55 ||    55
       Skin              |       |     5 ||     5
Dodge: Dodged            |    61 |    71 ||   132

Table legend:
 A = Non-vault XP
 B = Vault XP
 C = Vault XP percentage of total XP
 D = Non-vault monster count
 E = Vault monster count
 F = Vault count percentage of total count
                 A         B        C        D         E       F
            +---------+---------+-------+---------+---------+-------
      Total |     131 |       0 |   0.0 |      51 |       0 |   0.0
            +---------+---------+-------+---------+---------+-------
        D:1 |      39 |       0 |   0.0 |      22 |       0 |   0.0
        D:2 |      46 |       0 |   0.0 |      11 |       0 |   0.0
        D:3 |      46 |       0 |   0.0 |      18 |       0 |   0.0
            +---------+---------+-------+---------+---------+-------
